Map: Acid Plant LE

Players

Scarlett - Winner!

  • Race: Zerg Zerg
  • Spawn Location: 5:00

harstem

  • Race: Protoss Protoss
  • Spawn Location: 11:00

Event: WCS Austin 2018

VOD

Have the link to the VOD?

Description

Time

  • Played on: June 1, 2018, 9:37 p.m.
  • Length: 9:10

All games in this series

Show
View Real Time Build Order
Export as new Build Order

Scarlett Zerg - Winner!

Build Orders: Hatch First, Roach Hydra 

Get SALT Encoding   

  12  0:00  Drone  
  13  0:12  Overlord  
  13  0:16  Drone  
  14  0:30  Drone x2  
  16  0:47  Hatchery  
  15  0:51  Drone  
  15  0:55  Drone  
  17  0:58  Drone  
  18  1:08  Extractor  
  17  1:13  Spawning Pool  
  17  1:17  Drone  
  17  1:20  Drone  
  18  1:27  Drone  
  19  1:40  Overlord  
  19  1:49  Drone  
  20  1:59  Queen  
  20  2:00  Drone  
  20  2:01  Queen  
  23  2:02  Zergling x2  
  26  2:08  Metabolic Boost  
  26  2:11  Drone  
  26  2:14  Drone  
  29  2:22  Drone  
  29  2:23  Drone  
  30  2:31  Drone  
  31  2:41  Hatchery  
  31  2:43  Queen  
  32  2:46  Zergling x2  
  32  2:49  Overlord  
  33  2:53  Zergling x2  
  33  2:54  Zergling x2  
  35  2:58  Drone  
  36  3:08  Drone x2  
  36  3:09  Zergling x2  
  36  3:12  Drone x2  
  41  3:16  Overlord  
  41  3:24  Drone  
  42  3:29  Overlord  
  42  3:31  Spore Crawler, Drone  
  42  3:36  Drone, Queen  
  44  3:43  Drone x4  
  47  3:48  Overlord  
  47  3:52  Drone  
  47  3:53  Drone  
  47  3:54  Drone x3  
  52  4:01  Drone, Queen  
  55  4:05  Lair  
  55  4:11  Roach Warren  
  55  4:12  Spore Crawler  
  55  4:16  Drone x2  
  55  4:21  Drone x3  
  58  4:25  Overlord  
  58  4:26  Drone  
  58  4:29  Extractor  
  58  4:31  Extractor  
  57  4:33  Drone x4  
  59  4:39  Drone x3  
  59  4:42  Overlord  
  62  4:48  Drone x4  
  62  4:50  Drone  
  67  4:55  Extractor  
  66  5:00  Drone x7  
  66  5:02  Glial Reconstitution  
  66  5:06  Roach x2  
  76  5:13  Overlord  
  76  5:14  Drone x4  
  79  5:19  Evolution Chamber  
  79  5:21  Hydralisk Den  
  78  5:23  Extractor  
  78  5:27  Extractor  
  78  5:28  Roach x2  
  80  5:29  Overlord x3  
  80  5:34  Roach x2  
  80  5:35  Drone x2  
  86  5:42  Overlord  
  86  5:45  Queen  
  88  5:50  Spore Crawler, Zerg Missile Weapons Level 1  
  87  6:03  Queen x2  
  89  6:04  Hydralisk x6  
  99  6:12  Drone x7  
  106  6:24  Hydralisk x5  
  112  6:32  Spore Crawler  
  108  6:39  Spore Crawler  
  105  6:41  Drone  
  105  6:42  Drone x2  
  105  6:45  Muscular Augments  
  105  6:46  Drone  
  105  6:47  Drone x5  
  114  6:52  Spore Crawler  
  114  6:53  Hatchery  
  112  6:55  Hydralisk  
  112  7:00  Overlord  
  112  7:01  Overlord x4  
  114  7:15  Overlord  
  114  7:19  Hydralisk, Overseer  
  114  7:20  Hydralisk x6  
  128  7:25  Hydralisk x3  
  134  7:33  Hydralisk x3  
  140  7:40  Hydralisk x3  
  146  7:46  Hydralisk  
  146  7:47  Hydralisk  
  146  7:48  Overlord x2  
  150  7:56  Grooved Spines  
  150  7:57  Hydralisk x4  
  158  7:59  Overlord  
  158  8:12  Roach x3  
  164  8:17  Roach  
  164  8:18  Roach x3  
  172  8:24  Roach x4  
  176  8:28  Roach x2  
  176  8:32  Roach x3  
  182  8:37  Ravager  
Show
View Real Time Build Order
Export as new Build Order

harstem Protoss 

Build Orders: 1 Gate Expand, Oracle Opening, Phoenix Opening, Mass Phoenix 

Get SALT Encoding   

  12  0:00  Probe  
  13  0:13  Probe  
  14  0:17  Pylon  
  14  0:24  Probe  
  15  0:32  Probe  
  15  0:38  Gateway  
  15  0:40  Probe  
  16  0:48  Assimilator  
  17  0:51  Probe  
  18  1:03  Probe  
  19  1:15  Probe  
  20  1:25  Nexus  
  20  1:36  Cybernetics Core  
  20  1:39  Probe  
  21  1:50  Assimilator  
  21  1:51  Probe  
  22  1:54  Pylon  
  22  2:03  Adept  
  22  2:04  Probe  
  25  2:16  Probe  
  25  2:20  Stargate  
  25  2:21  Adept  
  26  2:28  Probe  
  27  2:34  Probe  
  27  2:36  Warp Gate  
  30  2:40  Probe  
  30  2:42  Probe  
  31  2:50  Adept, Probe  
  34  2:52  Probe  
  36  3:03  Probe  
  36  3:05  Phoenix  
  39  3:06  Probe  
  39  3:09  Pylon  
  40  3:15  Probe  
  40  3:18  Probe  
  42  3:20  Oracle  
  42  3:27  Gateway, Probe  
  42  3:30  Probe  
  47  3:35  Assimilator  
  47  3:39  Assimilator, Probe  
  48  3:45  Probe  
  45  3:54  Probe  
  46  3:58  Probe  
  46  3:59  Stargate  
  47  4:05  Probe  
  47  4:06  Pylon  
  47  4:09  Probe  
  48  4:12  Phoenix  
  48  4:13  Probe  
  48  4:14  Pylon  
  52  4:21  Probe  
  52  4:22  Probe  
  52  4:25  Pylon  
  54  4:36  Probe  
  54  4:37  Phoenix  
  57  4:41  Probe  
  57  4:42  Pylon  
  58  4:46  Phoenix  
  58  4:48  Zealot x2, Probe  
  65  5:00  Phoenix  
  65  5:03  Nexus, Probe  
  65  5:05  Probe  
  65  5:07  Pylon  
  69  5:12  Phoenix  
  71  5:17  Phoenix, Probe  
  71  5:18  Probe  
  75  5:29  Probe  
  75  5:31  Probe  
  75  5:34  Sentry  
  75  5:35  Zealot  
  81  5:37  Phoenix  
  81  5:41  Probe  
  84  5:43  Probe  
  84  5:44  Phoenix  
  87  5:51  Shield Battery  
  87  5:53  Probe  
  87  5:55  Assimilator, Probe  
  89  6:02  Phoenix  
  91  6:05  Probe  
  91  6:09  Phoenix  
  92  6:12  Sentry  
  92  6:15  Probe  
  92  6:17  Probe  
  96  6:23  Phoenix  
  96  6:27  Probe  
  96  6:30  Probe  
  100  6:36  Robotics Facility  
  100  6:39  Probe, Forge  
  101  6:40  Twilight Council  
  101  6:41  Sentry  
  101  6:42  Zealot, Probe  
  101  6:45  Pylon  
  106  6:51  Assimilator  
  106  6:52  Pylon  
  106  7:00  Gateway  
  106  7:01  Gateway x2  
  104  7:02  Sentry  
  104  7:03  Probe  
  104  7:07  Gateway  
  107  7:09  Gateway  
  107  7:16  Protoss Ground Weapons Level 1  
  107  7:17  Immortal  
  107  7:20  Zealot  
  109  7:22  Robotics Facility  
  113  7:34  Templar Archives  
  113  7:35  Pylon  
  113  7:41  Pylon  
  113  7:46  Gateway  
  113  7:47  Zealot, Photon Cannon  
  113  7:48  Zealot  
  113  7:49  Psionic Storm, Pylon  
  117  7:56  Immortal  
  121  8:12  High Templar x3  
  121  8:14  Immortal  
  121  8:16  Nexus  
  121  8:19  Pylon  
  123  8:29  High Templar  
  123  8:30  Zealot  
  123  8:31  Zealot x2  
  135  8:45  Zealot x3  
  133  8:48  Zealot  
  133  8:57  Zealot  
  133  8:58  Zealot x2  
  116  9:06  Zealot x4  
Tags
 
Add a new tag
Caveats
  • Supply blocks, unpowered buildings, or Contaminate may cause inaccurate times.
  • Supply counts are checked every 10 seconds.